 Dungeon Crawl Stone Soup version 0.29-a0-92-gee772dd00f (webtiles) character file.

Game seed: 13020770060832844822

41748 siradein the Spear-Bearer (level 13, -1/124 HPs)
             Began as a Deep Dwarf Berserker on Feb 9, 2022.
             Was a High Priest of Trog.
             Slain by a death yak (14 damage)
             ... on level 6 of the Lair of Beasts.
             The game lasted 01:06:59 (13557 turns).

siradein the Spear-Bearer (Deep Dwarf Berserker)   Turns: 13557, Time: 01:07:00

Health: -1/124     AC: 19    Str: 21    XL:     13   Next: 81%
Magic:  8/8        EV: 16    Int:  9    God:    Trog [*****.]
Gold:   1002       SH:  0    Dex: 13    Spells: 12/12 levels left

rFire   . . .      SeeInvis .   D - +13 scythe of Curses {drain, Drain}
rCold   . . .      Faith    .   (shield currently unavailable)
rNeg    + + +      Spirit   .   Q - +4 ring mail "Sufeor" {rPois rN+++ Dex-3 Slay+6}
rPois   +          Reflect  .   M - +1 helmet
rElec   .          Harm     .   V - +0 cloak
rCorr   .          Rampage  .   (no gloves)
Will    ++...                   (no boots)
Stlth   +.........              S - amulet of the acrobat
HPRegen 0.00/turn               R - +4 ring of protection
MPRegen 0.11/turn               t - ring of willpower

@: no status effects
A: damage resistance, heal wounds, sense surroundings 2, no regeneration
a: Heal Wounds, Renounce Religion, Berserk, Trog's Hand, Brothers in Arms


You were on level 6 of the Lair of Beasts.
You worshipped Trog.
Trog was extremely pleased with you.
You visited 2 branches of the dungeon, and saw 17 of its levels.

You collected 1002 gold pieces.

Inventory:

Hand Weapons
 D - the +13 scythe of Curses (weapon) {drain, Drain}
   (You found it on level 6 of the Dungeon)

   A truly terrible weapon, it drains the life of any living foe it strikes.
   It inflicts powerful necromantic curses on any living foe it strikes.
   Drain:     It drains your maximum health when unequipped.
Missiles
 e - 5 javelins
 p - 3 boomerangs (quivered)
 v - 6 throwing nets
 E - 19 poisoned darts
Armour
 F - a +2 crystal plate armour
 M - a +1 helmet (worn)
 Q - the +4 ring mail "Sufeor" (worn) {rPois rN+++ Dex-3 Slay+6}
   (You found it on level 10 of the Dungeon)

   Dex:       It affects your dexterity (-3).
   Slay:      It affects your accuracy & damage with ranged weapons and melee
   (+6).
   rPois:     It protects you from poison.
   rN:        It renders you almost immune to negative energy.
 V - a +0 cloak (worn)
Jewellery
 d - a ring of flight
 m - a ring of magical power
 t - a ring of willpower (right hand)
 L - a ring of positive energy
 R - a +4 ring of protection (left hand)
 S - an amulet of the acrobat (around neck)
 U - a +6 ring of strength
 W - a +4 ring of protection
Wands
 f - a wand of polymorph (9)
 h - a wand of paralysis (7)
 i - a wand of mindburst (17)
 H - a wand of acid (4)
 I - a wand of flame (25)
 X - a wand of iceblast (10)
Scrolls
 c - 3 scrolls of holy word
 g - 2 scrolls of immolation
 n - 2 scrolls of blinking
 q - 2 scrolls of fog
 r - 6 scrolls of teleportation
 B - 5 scrolls of fear {unknown}
 C - 3 scrolls of brand weapon {unknown}
 G - a scroll of silence {unknown}
 Y - a scroll of magic mapping {unknown}
 Z - a scroll of acquirement {unknown}
Potions
 a - 2 potions of mutation
 b - 4 potions of cancellation
 k - 3 potions of flight
 l - a potion of berserk rage
 s - 7 potions of curing
 u - a potion of heal wounds {unknown}
 w - 2 potions of lignification {unknown}
 x - 4 potions of might {unknown}
 J - 2 potions of haste {unknown}
 K - a potion of ambrosia {unknown}
 N - 6 potions of attraction {unknown}
 P - a potion of invisibility {unknown}
Miscellaneous
 j - a tin of tremorstones (2/2)
 T - a phantom mirror


   Skills:
 + Level 10.4 Fighting
 - Level 5.7(11.1) Axes
 * Level 12.4(12.8) Polearms
 + Level 12.0 Armour
 + Level 12.0 Dodging
 + Level 9.3 Evocations


You had 12 spell levels left.
You didn't know any spells.
Your spell library was empty.

Dungeon Overview and Level Annotations

Branches:
Dungeon (11/15)            Temple (0/1) D:4            Lair (6/6) D:10
  Swamp (0/4) Lair:3       Spider (0/4) Lair:4          Orc (0/2) D:11
  Slime: Lair:5-6

Altars:
Ashenzari
Cheibriados
Elyvilon
Makhleb
Okawaru
Qazlal

Shops:
D:5 *

Annotations:
Lair:1 2 transporters
Lair:2 3 runed translucent doors, Nelsoonmonsoon's ghost, journeyman MiFi


Innate Abilities, Weirdness & Mutations

You are resistant to damage.
You can heal yourself by infusing magical energy.
You passively map the area around you.
You do not regenerate.


Message History

A nearby plant withers and dies.
The death yak gores you but does no damage.
Your Dodging skill increases to level 12!
Your skin stops crawling.
You feel less strong-willed.
You slice the death yak!!
The death yak looks incredibly listless.
The death yak seems to slow down.
The death yak is heavily wounded.
The death yak gores you but does no damage.
You slice the death yak!!
The death yak is engulfed in negative energy!
The death yak is drained!
The death yak is severely wounded.
A manticore comes into view.
The manticore flicks its tail.
The volley of spikes misses you. The death yak misses you.
The death yak barely misses you. The death yak gores you.
You slash the death yak! You drain the death yak.
The death yak convulses!
The death yak is almost dead.
The death yak barely misses you. The death yak closely misses you.
A cane toad comes into view.
The death yak gores you but does no damage. x2
The death yak gores you! The death yak closely misses you.
The cane toad gives a loud, deep croak!
You slice the death yak!!
You kill the death yak!
Trog accepts your kill. The death yak gores you. The death yak gores you!
* * * LOW HITPOINT WARNING * * *
The death yak gores you!
* * * LOW HITPOINT WARNING * * *
Your Armour skill increases to level 12!
You slice the cane toad!! You drain the cane toad.
The cane toad convulses!
The cane toad is almost dead.
The cane toad stings you but does no damage.
The death yak gores you!
* * * LOW HITPOINT WARNING * * *
The death yak gores you!
You die...

####...##.##.....#..≈≈≈≈≈≈≈#≈
#......##.#..⌠...≈P≈≈≈≈≈≈# ≈
# #...##.####.#H.##≈≈≈≈≈≈≈8#
#....### ###.###≈#≈≈#.### ≈
##..##.# ##...##≈≈≈.≈.≈≈ ≈ *
#...#### #....##.≈P≈≈≈≈≈≈ ≈≈
,#.<..# ##.####.≈≈.≈##≈≈
#...## #.HY###.#.≈≈P ≈ ≈,
####### ### #P.Y@##..≈.≈≈ ,
.###..###.####.YF#....≈..
.#...###....#............ , ,
, .......†Y................ ,
,, ##.P##.......#.##..######,
*, ##########..♣♣##.### *
♣..♣ #♣# ♣♣♣♣ , , *** *


You could see 3 death yaks, a manticore and a cane toad (drained).

Vanquished Creatures
  A frost giant (D:10)
  A fire dragon (D:10)
  2 boulder beetles (D:10)
  7 hydras
  A catoblepas (Lair:6)
  3 two-headed ogres
  2 death yaks (Lair:6)
  2 sea snakes (Lair:6)
  An orb spider (Lair:4)
  A necromancer (Lair:2)
  A manticore (D:10)
  A cyclops (D:10)
  5 elephants (Lair:5)
  2 centaur zombies
  A torpor snail (Lair:5)
  13 cane toads
  7 komodo dragons
  2 rime drakes
  2 unseen horrors (D:11)
  A kobold demonologist (D:10)
  2 trolls
  2 polar bears (Lair:6)
  2 hornets (Lair:6)
  A tyrant leech (Lair:3)
  10 dream sheep
  A meliai zombie (D:10)
  2 shadows
  5 wyverns
  41 yaks
  A hog (shapeshifter) (D:10)
  A vampire (D:10)
  Eustachio (D:6)
  3 basilisks
  3 steam dragons
  7 vampire mosquitoes
  2 swamp worms (Lair:3)
  10 water moccasins
  An ice beast (D:5)
  8 orc warriors
  2 sky beasts (D:7)
  5 black bears
  4 ogres
  A necrophage (D:6)
  6 wolves
  4 centaurs
  A phantom (D:11)
  10 bullfrogs
  A gnoll sergeant (D:10)
  A wyvern zombie (D:5)
  3 scorpions
  A water moccasin skeleton (D:6)
  4 troll zombies (D:11)
  A wyvern skeleton (D:7)
  3 killer bees (D:8)
  4 howler monkeys (D:10)
  2 wights
  10 orc priests
  2 centaur skeletons (D:6)
  A hound (D:7)
  A bullfrog skeleton (D:7)
  A gnoll shaman (D:8)
  3 iguanas
  10 orc wizards
  2 killer bee zombies
  4 polar bear simulacra (Lair:2)
  2 yak simulacra (Lair:2)
  4 ogre zombies (D:11)
  A hound zombie (D:5)
  A hound skeleton (D:4)
  A howler monkey zombie (D:9)
  6 gnolls
  4 adders
  2 white imps
  An ufetubus (D:4)
  2 worms
  2 dart slugs
  35 orcs
  7 bats
  5 endoplasms
  3 giant cockroaches
  11 goblins
  11 hobgoblins
  8 quokkas
  8 ball pythons
  4 frilled lizards
  A goblin skeleton (D:11)
  3 hobgoblin skeletons (D:11)
  4 hobgoblin zombies (D:11)
  10 kobolds
  3 orc skeletons (D:11)
  14 orc zombies (D:11)
  4 rats
  5 river rat simulacra (Lair:2)
408 creatures vanquished.

Vanquished Creatures (others)
  24 fungi
  72 plants
96 creatures vanquished.

Grand Total: 504 creatures vanquished

Notes
Turn   | Place    | Note
-------+----------+-------------------------------------------
     0 | D:1      | siradein the Deep Dwarf Berserker began the quest for the
                  | Orb.
     0 | D:1      | Reached XP level 1. HP: 20/20 MP: 1/1
    54 | D:1      | Reached XP level 2. HP: 20/27 MP: 2/2
   173 | D:1      | Found a faded altar of an unknown god.
   312 | D:1      | Reached ** piety under Trog
   316 | D:1      | Reached XP level 3. HP: 34/34 MP: 3/3
  1285 | D:2      | Reached XP level 4. HP: 42/42 MP: 4/4
  1638 | D:3      | Found a broken altar of Ashenzari.
  1946 | D:3      | Reached *** piety under Trog
  2117 | D:4      | Noticed a scorpion
  2126 | D:4      | Killed a scorpion
  2127 | D:4      | Reached XP level 5. HP: 37/49 MP: 5/5
  2167 | D:4      | Found a staircase to the Ecumenical Temple.
  2240 | D:4      | Noticed an ogre
  2249 | D:4      | Killed an ogre
  2610 | D:4      | Reached XP level 6. HP: 37/57 MP: 6/6
  2668 | D:5      | Entered Level 5 of the Dungeon
  2832 | D:5      | Noticed an ice beast
  2870 | D:5      | Killed an ice beast
  2871 | D:5      | Reached skill level 5 in Axes
  3069 | D:5      | Reached XP level 7. HP: 41/64 MP: 7/7
  3243 | D:5      | Found Ruif's Elemental Accessories.
  3579 | D:5      | Reached skill level 5 in Armour
  3579 | D:5      | Reached skill level 5 in Dodging
  3647 | D:6      | Found the +13 scythe of Curses {drain, Drain}
  3715 | D:6      | Reached skill level 5 in Fighting
  3715 | D:6      | Reached skill level 1 in Polearms
  3715 | D:6      | Reached XP level 8. HP: 57/74 MP: 8/8
  3770 | D:6      | Noticed a two-headed ogre
  3776 | D:6      | Killed a two-headed ogre
  3823 | D:6      | Noticed Eustachio
  3844 | D:6      | Killed Eustachio
  4208 | D:6      | Gained mutation: You passively map the area around you.
                  | [Deep Dwarf growth]
  4208 | D:6      | Reached XP level 9. HP: 54/82 MP: 9/9
  4323 | D:7      | Found a burning altar of Makhleb.
  4323 | D:7      | Noticed a green death
  4815 | D:7      | Reached **** piety under Trog
  4914 | D:7      | Reached skill level 5 in Polearms
  5172 | D:8      | Found a snail-covered altar of Cheibriados.
  5180 | D:8      | Identified the +1 leather armour of Classification {rF+
                  | Str+5 Int+3 Dex-2}
  5576 | D:8      | Found a white marble altar of Elyvilon.
  5683 | D:8      | Reached XP level 10. HP: 52/92 MP: 8/8
  6540 | D:9      | Found an iron altar of Okawaru.
  6741 | D:9      | Found a stormy altar of Qazlal.
  6834 | D:10     | Entered Level 10 of the Dungeon
  6943 | D:10     | Noticed a boulder beetle
  6945 | D:10     | Noticed a two-headed ogre
  6977 | D:10     | Killed a two-headed ogre
  6984 | D:10     | Killed a boulder beetle
  7178 | D:10     | Reached XP level 11. HP: 53/103 MP: 9/9
  7267 | D:10     | Found a staircase to the Lair.
  7301 | D:10     | Noticed a boulder beetle
  7314 | D:10     | Reached skill level 1 in Evocations
  7321 | D:10     | Killed a boulder beetle
  7357 | D:10     | Noticed a two-headed ogre
  7364 | D:10     | Killed a two-headed ogre
  7492 | D:10     | Identified the +4 ring mail "Sufeor" {rPois rN+++ Dex-3
                  | Slay+6}
  7576 | D:10     | Noticed a frost giant
  7588 | D:10     | Killed a frost giant
  7655 | D:10     | Noticed a fire dragon
  7663 | D:10     | Killed a fire dragon
  7840 | D:11     | Found a staircase to the Orcish Mines.
  7935 | D:11     | Reached skill level 10 in Dodging
  7983 | D:11     | Reached ***** piety under Trog
  7984 | D:11     | Reached skill level 10 in Armour
  8390 | D:11     | Reached skill level 5 in Evocations
  8390 | D:11     | Reached XP level 12. HP: 52/112 MP: 9/9
  8571 | Lair:1   | Entered Level 1 of the Lair of Beasts
  8695 | Lair:1   | Found a transporter.
  8834 | Lair:1   | Reached skill level 10 in Polearms
  8996 | Lair:1   | Found a transporter.
  9456 | Lair:2   | Found a runed translucent gate.
  9619 | Lair:2   | Noticed a four-headed hydra
  9626 | Lair:2   | Killed a seven-headed hydra
  9663 | Lair:2   | Found a runed translucent gate.
  9663 | Lair:2   | Found a runed translucent gate.
  9666 | Lair:2   | Noticed Nelsoonmonsoon's ghost (journeyman MiFi)
 10091 | Lair:2   | Identified the +3 falchion of Wawythra {flame, rF- rN+
                  | Str+4}
 10459 | Lair:3   | Received a gift from Trog
 10524 | Lair:3   | Noticed a seven-headed hydra
 10535 | Lair:3   | Killed an 11-headed hydra
 10647 | Lair:3   | Noticed a seven-headed hydra
 10652 | Lair:3   | Killed a nine-headed hydra
 10653 | Lair:3   | Noticed a six-headed hydra
 10658 | Lair:3   | Killed a nine-headed hydra
 10794 | Lair:3   | Found a staircase to the Swamp.
 11200 | Lair:4   | Identified the +8 ring mail "Higiss" {*Corrode Fly Int+3
                  | Dex+6}
 11278 | Lair:4   | Identified the +8 flail of Woanneuv {pain, Fragile Int+3
                  | Dex+4}
 11396 | Lair:4   | Reached XP level 13. HP: 100/122 MP: 9/9
 11489 | Lair:4   | Found a hole to the Spider Nest.
 12310 | Lair:5   | Reached skill level 10 in Fighting
 13129 | Lair:6   | Entered Level 6 of the Lair of Beasts
 13172 | Lair:6   | Paralysed by a hornet for 1 turns
 13557 | Lair:6   | Slain by a death yak

Illustrated notes

Levels and vault maps discovered:
D:1:      eino_arrival_tree_alley, layout_basic,
          shapermc_ecumenical_altar_ellora, dk_noncrumbling_4, minmay_vboxes
D:2:      layout_basic, kennysheep_another_room, columned_hall_lemuel
D:3:      layout_rooms, ashenzari_altar_1
D:4:      layout_cave_pools, minmay_temple_entry_stoned_glass,
          nicolae_figureground_sparkle
D:5:      layout_loops_ring, serial_bayou_ford_a, nicolae_elemental_shop
D:6:      layout_rooms, uniq_eustachio
D:7:      layout_loops_corners, makhleb_altar_promises_db, hex_medium,
          minivault_1, kennysheep_generic_room_12
D:8:      layout_cave_pods, mainiacjoe_overflow_small_starburst,
          elyvilon_altar_5
D:9:      layout_loops_ring, lemuel_tele_altar, general_overflow_altar
D:10:     nicolae_hexawheel, layout_basic, lair_entry_dummy
D:11:     layout_roguey, zombieorc2_lemuel
Lair:1:   gammafunk_worm_tunnel, layout_gridlike, serial_bayou_pond_a
Lair:2:   layout_cellular_growth, gammafunk_ghost_necromancy,
          eino_house_with_fridge
Lair:3:   layout_misc_corridors, palyth_hydra_swamp_entry,
          nicolae_quartered_pool_little
Lair:4:   layout_roguey, nicolae_spider_entry_orb_guardian,
          chequers_serial_rivers_micro_c, chequers_serial_rivers_marsh
Lair:5:   layout_layer_cave, chequers_serial_rivers_room_a,
          chequers_serial_rivers_micro_b, minmay_hedge_maze
Lair:6:   gammafunk_lair_ancient_temple, layout_long_grid,
          minmay_slime_entry_pillars, wad_woods_river_02, grunt_megastairs_4,
          serial_bayou_shore_a

Skill      XL: |  1  2  3  4  5  6  7  8  9 10 11 12 13 |
---------------+----------------------------------------+-----
Fighting       | 3 4 5 6 7 8 9 10 | 10.4
Armour         | 3 4 5 6 7 9 10 11 12 | 12.0
Dodging        | 3 4 5 6 7 9 10 11 12 | 12.0
Axes           | 4 5 |  5.7
Polearms       | 1 3 5 8 9 11 12 | 12.4
Evocations     | 5 7 9 |  9.3

Action                   |  1- 3 |  4- 6 |  7- 9 | 10-12 | 13-15 || total
-------------------------+-------+-------+-------+-------+-------++-------
Melee: Hand axe          |   119 |   245 |   101 |       |       ||   465
       Punch             |     2 |     3 |     2 |       |       ||     7
       Scythe            |       |       |   159 |   441 |   171 ||   771
Throw: Javelin           |     2 |       |       |       |       ||     2
       Boomerang         |       |       |       |     7 |     2 ||     9
Invok: Trog's Hand       |       |     5 |     3 |    15 |     8 ||    31
       Berserk           |       |     2 |     2 |     4 |       ||     8
 Abil: Heal Wounds       |     3 |     1 |     9 |     8 |     5 ||    26
  Use: Scroll            |       |       |     7 |     8 |     3 ||    18
 Stab: Sleeping          |     1 |       |       |       |       ||     1
Armor: Animal skin       |    23 |       |       |       |       ||    23
       Scale mail        |       |    73 |    70 |       |       ||   143
       Ring mail         |       |    14 |       |   165 |    75 ||   254
       Crystal plate arm |       |       |   153 |   149 |       ||   302
Dodge: Dodged            |    74 |   126 |   132 |   282 |   149 ||   763

Table legend: (Time is in decaauts)
 A = Elapsed time spent in this place.
 B = Non-inter-level travel time spent in this place.
 C = Inter-level travel time spent in this place.
 D = Time resting spent in this place.
 E = Time spent auto-exploring this place.
 F = Levels seen in this place.
 G = Mean time per level.
                   A        B        C        D        E       F      G
               +--------+--------+--------+--------+--------+-----+--------+
         Total |  14112 |  13712 |    400 |    743 |   9332 |  17 |  830.1 |
       Dungeon |   8951 |   8682 |    269 |    418 |   5734 |  11 |  813.7 |
          Lair |   5160 |   5029 |    131 |    325 |   3598 |   6 |  860.0 |
               +--------+--------+--------+--------+--------+-----+--------+

Top non-repeatable levels by time:
  Lair:4: 1115 daAuts
  Lair:5: 1111 daAuts
    D:10: 1087 daAuts
     D:7: 1065 daAuts
  Lair:2: 1024 daAuts
     D:2: 1010 daAuts
     D:8: 977 daAuts
     D:5: 921 daAuts
    D:11: 805 daAuts
  Lair:1: 751 daAuts
     D:6: 730 daAuts
  Lair:3: 697 daAuts
     D:9: 649 daAuts
     D:4: 629 daAuts
     D:1: 602 daAuts
